 Dungeon Crawl Stone Soup version 0.23-a0-729-g94ec0301e6 (webtiles) character file.

522 Hercules1031 the Cudgeler (level 7, -4/68 HPs)
             Began as a Troll Monk on Jan 17, 2019.
             Slain by an iguana (14 damage)
             ... on level 4 of the Dungeon.
             The game lasted 00:12:36 (3009 turns).

Hercules1031 the Cudgeler (Troll Monk)              Turns: 3009, Time: 00:12:37

Health: -4/68      AC:  6    Str: 22    XL:     7   Next: 2%
Magic:  6/6        EV: 11    Int:  6    God:
Gold:   244        SH:  0    Dex: 12    Spells: 6/6 levels left

rFire    . . .     SeeInvis .   a - +0 mace
rCold    . . .     Gourm    +   (no shield)
rNeg     . . .     Faith    .   b - +0 robe
rPois    +         Spirit   .   (helmet restricted)
rElec    .         Reflect  .   k - +0 cloak
rCorr    +         Harm     +   (gloves unavailable)
MR       .....                  (boots unavailable)
Stlth    ++........             o - amulet of harm
HPRegen  0.61/turn              m - ring of poison resistance
MPRegen  0.10/turn              e - ring of resist corrosion

@: no status effects
A: large, unfitting armour, claws 3, fast metabolism 3, gourmand, regeneration
1, shaggy fur 1, tough skin 2
a: no special abilities


You were on level 4 of the Dungeon.
You were very full.

You visited 1 branch of the dungeon, and saw 4 of its levels.

You collected 244 gold pieces.

Inventory:

Hand Weapons
 a - a +0 mace (weapon)
Armour
 b - a +0 robe (worn)
 k - a +0 cloak (worn)
Jewellery
 e - a ring of resist corrosion (right claw)
 m - a ring of poison resistance (left claw)
 o - an amulet of harm (around neck)
 q - an uncursed ring of protection from fire
Wands
 c - a wand of random effects (19)
Scrolls
 d - a scroll of remove curse
 f - 2 scrolls of identify
 h - 2 scrolls of teleportation
 i - a scroll of blinking
 j - 2 scrolls of fog {unknown}
 l - a scroll of magic mapping {unknown}
 n - a scroll of amnesia {unknown}
Potions
 g - a potion of brilliance
Comestibles
 r - 2 rations


   Skills:
 + Level 3.9 Fighting
 * Level 5.4 Maces & Flails
 + Level 3.9 Dodging
 - Level 1.0 Stealth


You had 6 spell levels left.
You didn't know any spells.
Your spell library was empty.

Dungeon Overview and Level Annotations

Branches:
Dungeon (4/15)
 Temple: D:4-7

Altars:


Innate Abilities, Weirdness & Mutations

You are too large for most types of armour.
You have claws for hands.
Your metabolism is lightning-fast.
You like to eat raw meat.
Your natural rate of healing is unusually fast.
You are covered in fur. (AC +1)
You have very tough skin. (AC +2)


Message History

The iguana bites you but does no damage.
You barely miss the iguana.
The iguana is severely wounded.
The iguana bites you. The iguana barely misses you. The iguana bites you!
You hit the iguana.
The iguana is severely wounded.
The iguana bites you. x2
You hit the iguana.
You kill the iguana!
You have reached level 7!
The iguana closely misses you.
You barely miss the iguana. The iguana barely misses you.
You barely miss the iguana. The iguana barely misses you. The iguana bites you!
* * * LOW HITPOINT WARNING * * *
You barely miss the iguana. The iguana bites you.
* * * LOW HITPOINT WARNING * * *
You barely miss the iguana. The iguana bites you!
* * * LOW HITPOINT WARNING * * *
The iguana bites you!
You die...

..# #....# #†#
##...######## ..####.####
#.###..### .......#
###..#..## ..######
##......## ###
#######..##.###
####.......###(#
##....####### #.# ..
...#### #.#####...#
###############.@........
................#l###.###
#################.##..#
#.....## #..###.... #
#...#.. ## .. ...#.#.# .#
.####.#.# .. #
#....####.#


You could see an iguana.

Vanquished Creatures
  A howler monkey (D:4)
  A jelly (D:4)
  Jessica (D:3)
  Terence (D:3)
  2 iguanas (D:4)
  2 orc wizards (D:3)
  3 worker ants
  9 gnolls
  4 adders
  An ooze (D:2)
  7 worms
  2 dart slugs
  A leopard gecko (D:4)
  4 orcs
  5 bats
  6 giant cockroaches
  10 goblins
  7 hobgoblins
  12 jackals
  A quokka (D:4)
  6 frilled lizards
  3 kobolds
  A leopard gecko skeleton (D:4)
  A quokka skeleton (D:4)
  7 rats
98 creatures vanquished.

Notes
Turn   | Place    | Note
-------+----------+-------------------------------------------
     0 | D:1      | Hercules1031 the Troll Monk began the quest for the Orb.
     0 | D:1      | Reached XP level 1. HP: 22/22 MP: 0/0
   336 | D:1      | Reached skill level 3 in Maces & Flails
   336 | D:1      | Reached XP level 2. HP: 25/29 MP: 1/1
   783 | D:2      | Reached XP level 3. HP: 29/36 MP: 2/2
  1125 | D:2      | Reached XP level 4. HP: 39/44 MP: 3/3
  1502 | D:2      | Reached skill level 4 in Maces & Flails
  1515 | D:2      | Reached XP level 5. HP: 30/53 MP: 4/4
  1988 | D:3      | Noticed Terence
  2000 | D:3      | Killed Terence
  2415 | D:3      | Noticed Jessica
  2426 | D:3      | Killed Jessica
  2570 | D:3      | Reached XP level 6. HP: 35/61 MP: 5/5
  2735 | D:4      | Reached skill level 5 in Maces & Flails
  3001 | D:4      | Reached XP level 7. HP: 35/68 MP: 6/6
  3009 | D:4      | Slain by an iguana

Vault maps used:
D:1:      minmay_arrival_four_loops
D:2:      grunt_decor_arrowhead
D:3:      minmay_misc_feat_tower, kennysheep_generic_room_8, uniq_terence,
          uniq_jessica
D:4:      first_ration

Skill      XL: |  1  2  3  4  5  6 |
---------------+-------------------+-----
Maces & Flails | 3 4 5 |  5.4
Dodging        | 3 |  3.9
Fighting       | 3 |  3.9
Stealth        | |  1.0

Action                   |  1- 3 |  4- 6 |  7- 9 || total
-------------------------+-------+-------+-------++-------
Melee: Mace              |    89 |   282 |     4 ||   375
  Use: Scroll            |     2 |     5 |       ||     7
       Potion            |       |    11 |       ||    11
 Stab: Sleeping          |     1 |     5 |       ||     6
       Distracted        |     1 |       |       ||     1
  Eat: Ration            |     3 |     2 |       ||     5
       Chunk             |       |    16 |       ||    16
Armor: Robe              |    35 |   125 |       ||   160
Dodge: Dodged            |    60 |   223 |     3 ||   286

Table legend:
 A = Non-vault XP
 B = Vault XP
 C = Vault XP percentage of total XP
 D = Non-vault monster count
 E = Vault monster count
 F = Vault count percentage of total count
                 A         B        C        D         E       F
            +---------+---------+-------+---------+---------+-------
      Total |     672 |      75 |  10.0 |      95 |       3 |   3.1
            +---------+---------+-------+---------+---------+-------
        D:1 |      23 |       0 |   0.0 |      12 |       0 |   0.0
        D:2 |     173 |       0 |   0.0 |      26 |       0 |   0.0
        D:3 |     144 |      75 |  34.2 |      36 |       3 |   7.7
        D:4 |     332 |       0 |   0.0 |      21 |       0 |   0.0
            +---------+---------+-------+---------+---------+-------
